 Dungeon Crawl Stone Soup version 0.29-a0-1043-g569b05d6ff (webtiles) character file.

Game seed: 1688286347412389062

352 BlueGoblin the Shooter (level 6, -2/48 HPs)
             Began as a Formicid Hunter on Aug 16, 2022.
             Slain by an ice beast (11 damage)
             ... on level 6 of the Dungeon.
             The game lasted 00:06:55 (4469 turns).

BlueGoblin the Shooter (Formicid Hunter)            Turns: 4469, Time: 00:06:55

Health: -2/48      AC:  4    Str: 15    XL:     6   Next: 93%
Magic:  6/6        EV: 12    Int:  9    God:
Gold:   134        SH:  0    Dex: 19    Spells: 5/5 levels left

rFire   . . .      SeeInvis +   a - +0 shortbow
rCold   . . .      Faith    .   (no shield)
rNeg    . . .      Spirit   .   c - +1 leather armour
rPois   .          Reflect  .   (helmet unavailable)
rElec   .          Harm     .   (no cloak)
rCorr   .          Rampage  .   (no gloves)
Will    .....                   (no boots)
Stlth   ++........              (no amulet)
HPRegen 0.16/turn               (no ring)
MPRegen 0.10/turn               (no ring)

@: no status effects
A: permanent stasis, dig shafts and tunnels, antennae 3, four strong arms
a: Dig, Shaft Self


You were on level 6 of the Dungeon.
You visited 1 branch of the dungeon, and saw 7 of its levels.

You collected 134 gold pieces.

Inventory:

Hand Weapons
 a - a +0 shortbow (weapon)
 k - a +0 morningstar
Missiles
 e - 4 boomerangs of dispersal
Armour
 c - a +1 leather armour (worn)
 l - a +0 pair of boots
 n - a +2 pair of boots
Jewellery
 f - a ring of magical power
 g - an amulet of the acrobat
Wands
 m - a wand of paralysis (6)
Scrolls
 b - 5 scrolls of immolation
 j - 3 scrolls of fear {unknown}
Potions
 i - a potion of haste


   Skills:
 + Level 3.7 Fighting
 + Level 6.6 Ranged Weapons
 + Level 2.2 Armour
 + Level 2.0 Dodging
 - Level 1.2 Stealth


You had 5 spell levels left.
You didn't know any spells.
Your spell library contained the following spells:

 Spells                   Type           Power      Damage    Failure   Level
 Lesser Beckoning         Tloc           0%         N/A       83%         3
 Stone Arrow              Conj/Erth      0%         3d7       83%         3
 Animate Armour           Summ/Erth      0%         N/A       99%         4
 Fireball                 Conj/Fire      0%         3d3       100%        5
 Iskenderun's Battlesphe  Conj           0%         2d6       100%        5
 Manifold Assault         Tloc           0%         N/A       100%        5
 Conjure Ball Lightning   Conj/Air       0%         3x3d6     100%        6
 Orb of Destruction       Conj           0%         9d5       100%        7
 Lehudib's Crystal Spear  Conj/Erth      0%         10d2      100%        8
 Blink                    Tloc           Unusable   N/A       N/A         2

Dungeon Overview and Level Annotations

Branches:
Dungeon (8/15)
 Temple: D:4-7         Lair: D:8-11

Altars:
Cheibriados
Sif Muna

Annotations:
D:3 Ijyb, Natasha


Innate Abilities, Weirdness & Mutations

You cannot be hasted, slowed, berserked, paralysed or teleported.
You can dig through walls and to a lower floor.
You have a pair of large antennae on your head. (SInv)
Your four strong arms can wield two-handed weapons with a shield.


Message History

The ice beast barely misses you. x2
You shoot an arrow. The arrow barely misses the ice beast.
The ice beast hits you. The ice beast freezes you.
You shoot an arrow.
The arrow hits the ice beast but does no damage.
The ice beast is lightly wounded.
The ice beast hits you but does no damage.
You shoot an arrow. The arrow barely misses the ice beast.
The arrow hits the orc!
You kill the orc!
The ice beast hits you but does no damage.
You shoot an arrow. The arrow hits the ice beast.
The ice beast is moderately wounded.
The ice beast hits you. The ice beast freezes you!
You shoot an arrow. The arrow hits the ice beast.
The ice beast is moderately wounded.
The ice beast hits you. The ice beast freezes you!
* * * LOW HITPOINT WARNING * * *
You are too injured to fight recklessly!
Okay, then.
You feel better.
The ice beast hits you but does no damage.
Found an escape hatch in the floor.
The ice beast attacks as you move away!
The ice beast hits you but does no damage.
The ice beast attacks as you move away! The ice beast closely misses you.
The ice beast attacks as you move away!
The ice beast hits you but does no damage.
The ice beast attacks as you move away! The ice beast hits you.
The ice beast freezes you!
* * * LOW HITPOINT WARNING * * *
Fire: a) +0 shortbow
Press: ? - help, Shift-Dir - straight line, f/p - ice beast
Aim: an ice beast (lightly wounded, 65% to hit)
You shoot an arrow. The arrow hits the ice beast!
The ice beast is heavily wounded.
The ice beast hits you.
* * * LOW HITPOINT WARNING * * *
The ice beast freezes you!
You die...

..... ######
..... #.....
...... #.....
......
#.....####......
#....>..........
###....#........
#....Y#.#......
....#..@#.#
..### ###
##...># ##
#........#
#.###..### ##..
#.. #.. ##..


You could see an ice beast.

Vanquished Creatures
  Sigmund (D:3)
  Terence (D:3)
  An orc wizard (D:3)
  A gnoll (D:6)
  6 adders
  2 dart slugs
  10 orcs
  7 endoplasms
  A giant cockroach (D:4)
  6 goblins
  3 hobgoblins
  4 jackals (D:1)
  7 kobolds
  5 quokkas
  3 ball pythons
  2 bats
  A frilled lizard (D:3)
  5 rats
66 creatures vanquished.

Notes
Turn   | Place    | Note
-------+----------+-------------------------------------------
     0 | D:1      | BlueGoblin the Formicid Hunter began the quest for the Orb.
     0 | D:1      | Reached XP level 1. HP: 16/16 MP: 1/1
   124 | D:1      | Reached XP level 2. HP: 22/22 MP: 2/2
   359 | D:1      | Reached XP level 3. HP: 28/28 MP: 3/3
   365 | D:1      | Found a faded altar of an unknown god.
   812 | D:2      | Reached skill level 5 in Ranged Weapons
  1002 | D:2      | You fall into a shaft and drop 1 floor!
  1009 | D:3      | Noticed Sigmund
  1019 | D:3      | Killed Sigmund
  1020 | D:3      | Reached skill level 6 in Ranged Weapons
  1020 | D:3      | Reached skill level 1 in Armour
  1020 | D:3      | Reached XP level 4. HP: 35/35 MP: 4/4
  1020 | D:3      | Reached XP level 5. HP: 41/41 MP: 5/5
  1020 | D:3      | Reached XP level 6. HP: 47/47 MP: 6/6
  1436 | D:3      | Found a shimmering blue altar of Sif Muna.
  1436 | D:3      | Noticed Terence
  1443 | D:3      | Killed Terence
  2496 | D:3      | Noticed Ijyb
  2505 | D:3      | Noticed Natasha
  2517 | D:3      | HP: 2/47 [Ijyb/+0 dagger (4)]
  2518 | D:3      | You fall into a shaft and drop 1 floor!
  3568 | D:3      | You fall into a shaft and drop 3 floors!
  3855 | D:6      | You fall into a shaft and drop 2 floors!
  4218 | D:7      | Found a snail-covered altar of Cheibriados.
  4428 | D:6      | Noticed an ice beast
  4469 | D:6      | Slain by an ice beast

Illustrated notes

Levels and vault maps discovered:
D:1:      minmay_arrival_shattered_statue, layout_basic,
          dreamdust_ecumenical_altar_statues
D:2:      layout_loops_corners, minmay_misc_feat_rugged
D:3:      layout_basic, mainiacjoe_overflow_boulevard, uniq_terence, uniq_ijyb,
          uniq_natasha, uniq_sigmund
D:4:      layout_basic, makhleb_blood_cavern_becter,
          mainiacjoe_overflow_concentric_impassable
D:6:      layout_rooms
D:7:      nicolae_cairo_tiling, layout_basic, kennysheep_slug_shrine,
          lemuel_another_geyser
D:8:      minmay_the_grid_triangle_9x9_rhombus_full
          [minmay_the_grid_triangle_9x9_odd_lines,
          minmay_the_grid_triangle_9x9_shrine,
          minmay_the_grid_triangle_9x9_warning,
          minmay_the_grid_triangle_9x9_intruding_spiral,
          minmay_the_grid_triangle_9x9_negative_grid,
          minmay_the_grid_triangle_9x9_checkered,
          minmay_the_grid_triangle_9x9_minimal,
          minmay_the_grid_triangle_9x9_prize_special], layout_cave_pools,
          nicolae_overflow_hidden_temple, hangedman_decor_points, uniq_grum,
          uniq_gastronok

Skill      XL: |  1  2  3  4  5  6 |
---------------+-------------------+-----
Ranged Weapons | 6 |  6.6
Fighting       | 3 |  3.7
Armour         | 1 2 |  2.2
Dodging        | 2 |  2.0
Stealth        | |  1.2

Action                   |  1- 3 |  4- 6 || total
-------------------------+-------+-------++-------
Melee: Shortbow          |       |     2 ||     2
       Unarmed           |       |     2 ||     2
 Fire: Shortbow          |    58 |   166 ||   224
 Abil: Dig               |     1 |       ||     1
       Shaft Self        |       |     3 ||     3
  Use: Scroll            |       |     4 ||     4
       Potion            |       |     3 ||     3
Armor: Leather armour    |     5 |    29 ||    34
Dodge: Dodged            |    15 |    68 ||    83

Table legend: (Time is in decaauts)
 A = Elapsed time spent in this place.
 B = Non-inter-level travel time spent in this place.
 C = Inter-level travel time spent in this place.
 D = Time resting spent in this place.
 E = Time spent auto-exploring this place.
 F = Levels seen in this place.
 G = Mean time per level.
                   A        B        C        D        E       F      G
               +--------+--------+--------+--------+--------+-----+--------+
         Total |   4518 |   4410 |    108 |   1365 |   2381 |   7 |  645.4 |
       Dungeon |   4518 |   4410 |    108 |   1365 |   2381 |   7 |  645.4 |
               +--------+--------+--------+--------+--------+-----+--------+

Top non-repeatable levels by time:
     D:3: 1796 daAuts
     D:2: 827 daAuts
     D:1: 647 daAuts
     D:8: 362 daAuts
     D:6: 341 daAuts
     D:4: 341 daAuts
     D:7: 201 daAuts
